Map: Terraform LE (Void)

Players

NightEnD - Winner!

  • Race: Protoss Protoss
  • League: Master

Bioice

  • Race: Zerg Zerg
  • League: Diamond

Event: ASL Season 5 Prime League LOTV Beta

VOD

Have the link to the VOD?

Description

Time

  • Played on: Sept. 17, 2015, 7:15 p.m.
  • Length: 10:46

All games in this series

Show
View Real Time Build Order
Export as new Build Order

NightEnD Protoss - Winner!

Build Orders: 1 Gate Expand 

Get SALT Encoding   

  12  0:00  Probe (Chrono Boost)  
  13  0:10  Probe (Chrono Boost)  
  14  0:17  Pylon  
  14  0:21  Probe (Chrono Boost)  
  15  0:35  Probe (Chrono Boost)  
  15  0:36  Gateway  
  16  0:45  Probe (Chrono Boost)  
  17  0:55  Probe (Chrono Boost)  
  18  1:05  Probe (Chrono Boost)  
  19  1:16  Nexus  
  19  1:17  Probe (Chrono Boost)  
  20  1:25  Assimilator  
  20  1:28  Probe (Chrono Boost)  
  20  1:32  Assimilator  
  21  1:38  Probe (Chrono Boost)  
  22  1:42  Pylon  
  22  1:48  Probe (Chrono Boost)  
  23  1:58  Cybernetics Core  
  23  1:59  Probe (Chrono Boost)  
  24  2:03  Zealot  
  26  2:09  Probe (Chrono Boost)  
  27  2:19  Probe (Chrono Boost)  
  28  2:29  Probe (Chrono Boost)  
  29  2:32  Probe (Chrono Boost)  
  29  2:35  Adept  
  29  2:36  Warp Gate  
  32  2:39  Mothership Core (Chrono Boost)  
  32  2:42  Probe (Chrono Boost)  
  35  2:47  Pylon  
  35  2:51  Probe (Chrono Boost)  
  35  2:57  Probe (Chrono Boost)  
  37  3:01  Probe (Chrono Boost)  
  38  3:06  Probe (Chrono Boost)  
  38  3:11  Probe (Chrono Boost)  
  40  3:16  Probe (Chrono Boost)  
  40  3:17  Gateway  
  40  3:19  Gateway  
  41  3:22  Probe (Chrono Boost), Pylon  
  41  3:26  Probe (Chrono Boost)  
  43  3:31  Adept  
  43  3:32  Probe (Chrono Boost)  
  46  3:36  Probe (Chrono Boost)  
  47  3:42  Probe (Chrono Boost)  
  47  3:46  Probe (Chrono Boost)  
  49  3:49  Forge  
  49  3:50  Twilight Council  
  49  3:52  Probe (Chrono Boost)  
  49  3:54  Robotics Facility  
  50  3:58  Probe (Chrono Boost), Adept  
  50  4:02  Probe (Chrono Boost), Protoss Ground Weapons Level 1  
  53  4:05  Pylon  
  53  4:07  Adept  
  53  4:08  Adept  
  58  4:10  Probe (Chrono Boost)  
  58  4:14  Pylon  
  58  4:15  Probe (Chrono Boost)  
  60  4:24  Assimilator  
  60  4:25  Assimilator  
  60  4:29  Probe x2  
  62  4:41  Probe x2, Observer  
  62  4:44  Adept x3  
  71  4:52  Pylon  
  71  4:53  Probe  
  71  4:55  Pylon  
  71  4:57  Probe  
  73  5:00  Shield Upgrade (Chrono Boost)  
  73  5:05  Probe  
  74  5:09  Pylon  
  74  5:16  Adept x2  
  74  5:17  Adept  
  74  5:19  Robotics Bay  
  82  5:23  Observer (Chrono Boost)  
  82  5:25  Gateway  
  82  5:26  Gateway  
  81  5:28  Gateway  
  81  5:36  Pylon  
  81  5:41  Warp Prism (Chrono Boost)  
  81  5:44  Protoss Ground Weapons Level 2  
  83  5:53  Probe x2  
  85  5:57  Adept x3  
  91  6:04  Pylon  
  91  6:07  Pylon  
  91  6:10  Disruptor (Chrono Boost)  
  91  6:11  Gravitic Drive  
  91  6:17  Stalker  
  91  6:18  Stalker x2  
  100  6:22  Pylon  
  100  6:23  Pylon  
  100  6:25  Pylon  
  100  6:32  Pylon, Photon Cannon  
  100  6:46  Nexus  
  100  6:47  Probe x2, Disruptor (Chrono Boost)  
  89  7:02  Adept x2  
  89  7:03  Adept x4  
  81  7:23  Adept x2  
  81  7:24  Adept x4  
  89  7:33  Pylon  
  89  7:34  Pylon  
  89  7:45  Probe x2  
  89  7:49  Photon Cannon  
  91  7:55  Adept x4  
  91  7:56  Adept x2  
  91  7:57  Probe  
  104  8:11  Gateway  
  104  8:12  Gateway  
  104  8:14  Gateway  
  104  8:19  Blink (Chrono Boost)  
  104  8:35  Stalker x4  
  104  8:36  Stalker x2  
  116  9:01  Stalker x4  
  116  9:02  Stalker x2  
  128  9:20  Stalker x3  
  134  9:25  Adept x6  
  142  9:45  Adept x5  
  138  9:46  Adept x4  
  124  10:07  Adept x8  
  116  10:08  Adept  
  114  10:29  Stalker x5  
  114  10:30  Stalker x4  
Show
View Real Time Build Order
Export as new Build Order

Bioice Zerg 

Build Orders: Hatch First 

Get SALT Encoding   

  12  0:02  Drone  
  13  0:08  Drone  
  14  0:18  Extractor  
  14  0:19  Drone  
  14  0:23  Drone, Extractor  
  14  0:26  Overlord  
  16  0:50  Hatchery  
  16  0:53  Drone  
  16  1:00  Drone  
  17  1:12  Spawning Pool  
  17  1:14  Drone, Extractor  
  16  1:20  Drone  
  16  1:21  Drone  
  18  1:32  Drone  
  19  1:39  Overlord  
  19  1:50  Drone  
  20  2:00  Queen  
  22  2:02  Queen  
  22  2:03  Zergling x2  
  22  2:06  Drone  
  26  2:13  Overlord  
  26  2:18  Metabolic Boost  
  26  2:19  Drone  
  28  2:22  Drone  
  28  2:24  Drone  
  29  2:33  Drone  
  29  2:34  Drone  
  31  2:44  Drone  
  32  2:46  Drone  
  33  2:54  Drone  
  33  2:56  Drone  
  35  2:58  Hatchery  
  34  3:08  Drone x2  
  34  3:11  Drone x7  
  42  3:15  Overlord  
  42  3:21  Drone x2  
  44  3:31  Roach Warren, Extractor  
  44  3:32  Queen  
  44  3:33  Extractor  
  43  3:37  Drone x2  
  45  3:43  Drone, Extractor  
  45  3:45  Drone x3  
  45  3:47  Overlord  
  48  3:57  Drone x2  
  48  4:02  Overlord  
  50  4:08  Lair  
  50  4:18  Drone x3  
  50  4:19  Drone x2, Overlord  
  50  4:21  Roach x3  
  50  4:22  Roach  
  63  4:27  Roach x2  
  63  4:30  Roach  
  69  4:32  Roach  
  69  4:35  Roach  
  69  4:38  Roach  
  75  4:44  Overlord x2  
  75  4:46  Roach  
  75  4:49  Roach  
  75  4:51  Roach  
  81  4:57  Overlord  
  81  5:04  Roach x4  
  81  5:05  Roach  
  91  5:08  Roach  
  93  5:17  Glial Reconstitution  
  93  5:19  Roach  
  93  5:20  Roach x3  
  101  5:23  Overlord  
  101  5:26  Roach  
  101  5:27  Roach  
  105  5:44  Roach x4  
  105  5:45  Overlord x2  
  113  5:52  Overlord x2  
  113  6:03  Roach x4  
  113  6:04  Roach x4  
  129  6:17  Drone x9  
  138  6:22  Infestation Pit  
  137  6:26  Drone x3  
  137  6:27  Drone x3  
  137  6:29  Drone x2  
  137  6:32  Overlord  
  145  6:39  Evolution Chamber  
  144  6:40  Evolution Chamber  
  144  6:44  Extractor  
  144  6:45  Extractor  
  113  7:13  Drone x4  
  107  7:20  Drone  
  107  7:21  Drone x2  
  107  7:22  Roach x13  
  124  7:25  Zerg Missile Weapons Level 1, Zerg Ground Armor Level 1  
  124  7:26  Hive  
  114  7:38  Hydralisk Den, Roach x3  
  119  7:46  Overlord  
  119  7:52  Roach x6  
  119  7:53  Lurker Den  
  119  7:55  Hatchery, Zergling x4  
  132  8:00  Overlord  
  132  8:09  Drone  
  133  8:13  Hydralisk x5  
  143  8:22  Hatchery  
  142  8:32  Hydralisk x8  
  158  8:39  Hydralisk x2  
  162  8:43  Overlord x2  
  162  8:49  Overlord  
  162  8:58  Viper x3  
  157  9:08  Overlord  
  157  9:13  Overseer  
  157  9:27  Roach  
  157  9:28  Roach x15  
  157  9:31  Lurker  
  182  9:44  Roach x11  
  157  9:57  Roach x7  
  157  9:58  Roach x2  
  135  10:08  Roach x4  
  117  10:22  Roach x4  
Tags
 
Add a new tag
Caveats
  • Supply blocks, unpowered buildings, or Contaminate may cause inaccurate times.
  • Supply counts are checked every 10 seconds.